[Event "Bangabandhu Premier Div League 2023-24"]
[Site "Dhaka"]
[Date "2024.02.10"]
[Round "10.1"]
[White "Hossain, Enamul"]
[Black "Nasim Hossain, Bhuiyan"]
[Result "1-0"]
[ECO "C00"]
[WhiteElo "2372"]
[BlackElo "1812"]
[Annotator "TA"]
[PlyCount "81"]
[EventDate "2024.02.01"]
[EventCountry "BAN"]
[SourceTitle "playchess.com"]
[Source "ChessBase"]
[SourceQuality "1"]
[TimeControl "40/5400+30:1800+30"]

1. e4 e6 2. Qe2 b6 3. Nf3 c5 4. g3 Nc6 5. Bg2 Nge7 6. O-O g6 7. c3 Bg7 {[%emt 0:00:43] [#] Repels d4} 8. d4 $1 {[%emt 0:01:14] The position is equal.} cxd4 9. cxd4 d5 10. e5 O-O 11. Rd1 Bb7 12. Na3 a6 13. h4 h5 14. Bg5 Qd7 15. Nc2 Nf5 16. Ne3 Nxe3 (16... a5 $14) 17. Qxe3 $16 Ne7 18. Qf4 Nf5 (18... a5 $16 19. Rd2 Rac8) 19. Bh3 $18 Rfc8 (19... Rae8 {might work better.} 20. Re1 Kh7) 20. Ne1 $2 (20. g4 $18 {is the precise move to win.}) 20... Rc7 21. f3 Bf8 22. g4 Ng7 23. Bf6 Kh7 {[%emt 0:00:35] Repels Qh6+} 24. Rd2 {[%emt 0:04:14] White is more active.} Rc4 (24... a5 $16 {is a better defense.}) 25. Bf1 Rc7 (25... a5 $142 26. Kh2 Ne8) 26. Rg2 hxg4 $2 (26... a5 27. Bxg7 Bxg7 28. gxh5 Bh6) 27. fxg4 Ne8 28. Bg5 f6 29. Bxf6 Nxf6 30. exf6 Qd6 31. Nd3 {[%emt 0:01:52][%cal Be1d3,Bd3e5,Be5g6][%mdl 32] [#] Ne5 is the strong threat.} Rac8 (31... Qxf4 $142 32. Nxf4 Rf7) 32. Ne5 Bc6 33. Qg5 Be8 34. Bd3 (34. Bxa6 Bh6 35. Bxc8 Rxc8 $19 (35... Bxg5 $2 {perishes.} 36. hxg5 Kg8 37. Rh2 $18)) 34... Kh8 35. Bxg6 Bxg6 36. Nxg6+ {[%emt 0:00:08] White mates.} Kh7 37. Qh5+ Bh6 38. Ne5 Rc1+ 39. Rxc1 Rxc1+ 40. Kh2 Qf8 41. g5 {[%emt 0:31:07] Weighted Error Value: White=0.20 (precise) /Black=0.38.  Missed win:     	White=1     	---        Mistake:       	---       	Black=6      Inaccurate:     	---       	Black=1      OK:         	White=11    	Black=7      Best:        	White=2     	Black=1} 1-0

[Event "Bangabandhu Premier Div League 2023-24"]
[Site "Dhaka"]
[Date "2024.02.10"]
[Round "10.2"]
[White "Kushagra Mohan"]
[Black "Mayank Chakraborty"]
[Result "1/2-1/2"]
[ECO "C07"]
[WhiteElo "2374"]
[BlackElo "2409"]
[Annotator "TA"]
[PlyCount "60"]
[EventDate "2024.02.01"]
[EventCountry "BAN"]
[SourceTitle "playchess.com"]
[Source "ChessBase"]
[SourceQuality "1"]
[TimeControl "40/5400+30:1800+30"]

1. e4 e6 2. d4 d5 3. Nd2 c5 4. exd5 Qxd5 5. Ngf3 cxd4 6. Bc4 Qd7 7. O-O {[%emt 0:00:15][%mdl 1024] White has compensation.} Nc6 8. Nb3 a6 9. a4 Nf6 {[%emt 0:00:03] The position is equal.} 10. Qe2 Bd6 11. Rd1 e5 12. Nbxd4 Nxd4 13. Rxd4 Qe7 {[%emt 1:36:24] [#]} 14. Rxd6 Qxd6 15. b3 {[%emt 0:00:00][%cal Oc1a3] Strongly threatening Ba3!} e4 {[%emt 0:00:00] aiming for ...Be6.} 16. Ba3 Qf4 17. Qe1 {[%emt 0:00:00][%cal Oe1a5] Hoping for Qa5!} Be6 {[%emt 0:00:00] [#] White must now prevent ...Bxc4.} 18. Qa5 $1 {[%emt 0:00:00][%cal Oa5c5] Qc5! is the strong threat.} Rd8 $1 {[%emt 0:00:00] [#]} (18... exf3 $2 {too greedy.} 19. Qc5 Kd8 20. Qe7+ Kc8 21. Bxe6+ (21. Bd6 Qxd6 22. Qxd6 Bxc4 $18) 21... fxe6 22. Bd6 $18 (22. Qxg7 $2 Rg8 $19) (22. Qxg7 $2 Rg8 $19)) 19. Qc5 $1 Nd5 {[%emt 0:00:00] Against Qe7+} ({Avoid the trap} 19... Rd7 $2 20. Qc8+ Rd8 21. Qxb7 $18) 20. Bxd5 Qf6 {[%emt 0:00:00] Repels Qe7+} 21. Bc6+ $1 bxc6 22. Qxc6+ Rd7 23. Qa8+ Rd8 $1 24. Qc6+ Rd7 25. Qa8+ Rd8 $1 26. Qc6+ Rd7 27. Qa8+ Rd8 $1 28. Qc6+ Rd7 29. Qa8+ Rd8 $1 30. Qc6+ Rd7 {An uneventful encounter.   Weighted Error Value: White=0.03 (flawless) /Black=0.01 (flawless) .  OK:         	White=11    	Black=6      Best:        	White=5     	Black=7      Strong:       	White=2     	Black=5} 1/2-1/2

[Event "Bangabandhu Premier Div League 2023-24"]
[Site "Dhaka"]
[Date "2024.02.10"]
[Round "10.2"]
[White "Mrittika Mallick"]
[Black "Chigaev, Maksim"]
[Result "1/2-1/2"]
[ECO "B36"]
[WhiteElo "1859"]
[BlackElo "2622"]
[Annotator "TA"]
[PlyCount "136"]
[EventDate "2024.02.01"]
[EventCountry "BAN"]
[SourceTitle "playchess.com"]
[Source "ChessBase"]
[SourceQuality "1"]
[TimeControl "40/5400+30:1800+30"]

1. e4 c5 2. Nf3 g6 3. c4 Nc6 4. d4 cxd4 5. Nxd4 Nf6 6. Nc3 d6 7. Be2 Nxd4 8. Qxd4 Bg7 9. O-O O-O 10. Qd3 a5 11. h3 a4 12. Be3 {[%emt 0:00:33] White has an edge.} Qa5 13. Rab1 Be6 14. Nd5 Bxd5 15. exd5 Nd7 16. Rfc1 Rfc8 17. b4 axb3 18. axb3 Qb4 19. Bd2 Qa3 20. Qe3 Nc5 21. b4 (21. Qxe7 $2 {too greedy.} Qa2 (21... Nxb3 $2 22. Rc3 $19) (21... Re8 22. Qxd6 Rxe2 23. Be3 $19) 22. Be3 (22. Qe3 $2 Re8 $19) 22... Qxe2 $19) 21... Qxe3 22. Bxe3 Ne4 23. Bd3 f5 24. Bxe4 fxe4 25. c5 $36 {[%emt 0:00:35][%mdl 2048] White is more active.} Kf7 26. Rc4 Ra3 27. Rxe4 Rd3 28. Bg5 Rxd5 29. Bxe7 {[%emt 0:00:55] White is more active.} (29. Rxe7+ {looks sharper.} Kf8 30. cxd6 Rxg5 31. d7) 29... Re8 30. cxd6 Rxd6 31. Bxd6 Rxe4 $14 {[%emt 0:00:00][%mdl 4096] Endgame. KRB-KRB} 32. Bc5 Bc3 33. Rb3 Rc4 {[%emt 0:01:53] The position is equal.} 34. Kf1 Ke6 35. Ke2 {[%emt 0:02:45] [#] Strongly threatening Kd3.} Kd5 36. Kd3 Bd4 37. Bxd4 Rxd4+ $11 {[%emt 0:00:00] KR-KR} 38. Ke3 {[%emt 0:00:43] And now Rd3 would win.} Re4+ 39. Kd3 Rd4+ 40. Ke3 {[%emt 0:00:16] [#] Hoping for Rd3.} Re4+ 41. Kd3 b5 42. Rb1 Rc4 43. g3 g5 44. Rb2 h5 45. Rb1 h4 46. f3 Ke5 47. Re1+ Kf6 48. gxh4 Rxh4 49. Re4 {[%emt 0:00:00] White threatens Rxh4 and mate.} Rxh3 50. Ke3 Rh1 51. Kf2 Rh4 {[%emt 0:00:00] ( -> ...Rxe4)} 52. Ke3 Kf5 53. Re8 {[%emt 0:01:16] Inhibits Rxe4+.} Rxb4 54. Rf8+ Ke5 55. Re8+ Kf6 56. Rf8+ Kg7 57. Rf5 Kg6 58. Rf8 Rh4 59. f4 g4 60. Rb8 Rh5 61. Rb6+ Kf7 62. Kf2 Rh3 63. Rxb5 Rf3+ 64. Kg2 Rxf4 65. Kg3 Re4 66. Rg5 Kf6 67. Rxg4 Rxg4+ 68. Kxg4 Ke5 {[%emt 0:07:52] Weighted Error Value: White=0.05 (flawless) /Black=0.06 (flawless) .  Inaccurate:     	White=4     	Black=4      OK:         	White=28    	Black=22     Best:        	White=2     	Black=1} 1/2-1/2

[Event "Bangabandhu Premier Div League 2023-24"]
[Site "Dhaka"]
[Date "2024.02.10"]
[Round "10.3"]
[White "Iniyan, Pa"]
[Black "Tanvir, Alam"]
[Result "1-0"]
[ECO "D36"]
[WhiteElo "2515"]
[BlackElo "1836"]
[Annotator "TA"]
[PlyCount "65"]
[EventDate "2024.02.01"]
[EventCountry "BAN"]
[SourceTitle "playchess.com"]
[Source "ChessBase"]
[SourceQuality "1"]
[TimeControl "40/5400+30:1800+30"]

1. d4 Nf6 2. c4 e6 3. Nc3 d5 4. Bg5 c6 5. e3 Nbd7 6. cxd5 exd5 7. Bd3 Bd6 8. Nf3 O-O 9. O-O h6 10. Bh4 Re8 11. Qc2 Qe7 12. Rae1 {[%emt 0:01:15][%cal Ba1e1,Be1e2,Be2f2][%mdl 32] White is more active.} g5 (12... Qf8 $14) 13. Bg3 $16 {[%emt 0:00:10] Hoping for e4.} Bxg3 14. fxg3 {[%emt 0:01:01] White is better.} Ne4 15. Bxe4 dxe4 16. Nd2 Nf6 17. Re2 Nd5 (17... Be6 $16 {was worth a try.} 18. Ndxe4 (18. Ncxe4 Nd5 $16) 18... Nxe4 19. Nxe4 (19. Qxe4 $2 Bc4 $17) 19... Bf5 20. Rxf5 Qxe4) 18. Ndxe4 $18 {[%emt 0:01:10] [#] aiming for Nxd5.} (18. Qxe4 $2 Nxc3 19. bxc3 Qxe4 $19) 18... f5 19. Nxd5 cxd5 20. Nc3 Be6 21. Ref2 Rac8 {[%emt 0:00:39] [#]} (21... g4 $142 22. Ne2 Rac8) 22. g4 $1 b5 {[%emt 0:03:02][%cal Bb7b5,Bb5b4][%mdl 32] White must now prevent ...b4.} (22... Rc4 23. Qd3) 23. a3 (23. gxf5 Bf7 $18) 23... a5 24. Qb3 (24. gxf5 Bf7 $18) 24... b4 25. Nxd5 Qf7 (25... Qd8) 26. Rxf5 Bxf5 27. Nf6+ (27. gxf5 Kh8 28. f6 (28. axb4 $2 Rcd8 $19) 28... a4 $11) (27. Rxf5 Qe6 28. Re5 (28. axb4 a4 $18) 28... Rc1+ 29. Kf2 Rf8+ 30. Kg3 Qd6 31. Ne7+ (31. Nxb4+ Kh8 $18) (31. axb4 Kg7 $18) 31... Kh8 32. axb4 axb4) 27... Kg7 28. Qxf7+ Kxf7 29. Nxe8 (29. Rxf5 Rc1+ 30. Kf2 Ra8 $15) 29... Kxe8 30. Rxf5 (30. gxf5 Rc2 $11) 30... bxa3 31. bxa3 Rc3 $2 (31... a4 32. Rf6 Rc3) 32. Rxa5 Rxe3 33. Re5+ {[%emt 0:00:03] Black did not feel at home in the position after the opening.   Weighted Error Value: White=0.11 (very precise) /Black=0.80.  Mistake:       	---       	Black=5      Inaccurate:     	---       	Black=2      OK:         	White=13    	Black=3      Best:        	White=2     	Black=1} 1-0

[Event "Bangabandhu Premier Div League 2023-24"]
[Site "Dhaka"]
[Date "2024.02.10"]
[Round "10.3"]
[White "Subrota, Biswas"]
[Black "Chowdhury, Sohel"]
[Result "1-0"]
[ECO "B12"]
[WhiteElo "2223"]
[BlackElo "1956"]
[Annotator "NA RC"]
[PlyCount "83"]
[EventDate "2024.02.01"]
[EventCountry "BAN"]
[SourceTitle "playchess.com"]
[Source "ChessBase"]
[SourceQuality "1"]
[TimeControl "40/5400+30:1800+30"]

1. e4 c6 2. d4 d5 3. e5 Bf5 4. h4 h5 5. Bd3 Bxd3 6. Qxd3 e6 7. Nf3 Ne7 8. Nbd2 Nf5 9. c4 Nd7 10. b3 Be7 11. g3 g6 12. Nf1 a5 13. a4 Bb4+ 14. Ke2 Be7 15. Bg5 O-O 16. Ne3 f6 17. Nxf5 exf5 18. exf6 Bxf6 19. cxd5 Re8+ 20. Kf1 cxd5 21. Qb5 Nb6 22. Kg2 Re4 23. Rac1 Qd6 24. Bxf6 Qxf6 25. Rc7 f4 26. Rxb7 Re6 27. Rxb6 Rxb6 28. Qxd5+ Kg7 29. Qxa8 fxg3 30. fxg3 Rxb3 31. Rf1 Rb2+ 32. Kg1 Qd6 33. Ne5 Qxd4+ 34. Kh1 Rf2 35. Qb7+ Kg8 36. Rxf2 Qxf2 37. Qc8+ Kg7 38. Qd7+ Kh6 39. Nf7+ Kg7 40. Ng5+ Kg8 41. Qe8+ Kg7 42. Ne6+ 1-0

[Event "Bangabandhu Premier Div League 2023-24"]
[Site "Dhaka"]
[Date "2024.02.10"]
[Round "10.4"]
[White "Suvradeepta, Das"]
[Black "Uddin, Saif"]
[Result "1/2-1/2"]
[ECO "E11"]
[WhiteElo "2141"]
[BlackElo "1938"]
[Annotator "NA RC"]
[PlyCount "107"]
[EventDate "2024.02.01"]
[EventCountry "BAN"]
[SourceTitle "playchess.com"]
[Source "ChessBase"]
[SourceQuality "1"]
[TimeControl "40/5400+30:1800+30"]

1. d4 Nf6 2. c4 e6 3. g3 Bb4+ 4. Bd2 Qe7 5. Nf3 O-O 6. Bg2 d5 7. O-O c6 8. Qc2 Nbd7 9. Bf4 Bd6 10. Bxd6 Qxd6 11. Nbd2 e5 12. cxd5 cxd5 13. dxe5 Nxe5 14. Nxe5 Qxe5 15. Nf3 Qh5 16. Rac1 Re8 17. Qd2 Re7 18. Rfe1 Bg4 19. Nd4 Rae8 20. f3 Bh3 21. Qf4 Bxg2 22. Kxg2 h6 23. Rc2 Nh7 24. Qf5 Ng5 25. Rc8 Rxc8 26. Qxc8+ Kh7 27. h4 Ne6 28. Qc2+ Qg6 29. Qxg6+ Kxg6 30. Nxe6 Rxe6 31. Kf2 Rb6 32. Rb1 Kf5 33. Ke3 Ke5 34. Kd3 f5 35. f4+ Kd6 36. b3 Rc6 37. h5 b5 38. b4 Rc4 39. e3 d4 40. e4 fxe4+ 41. Kxe4 Rc3 42. Rg1 Ke6 43. g4 d3 44. Ke3 Ra3 45. g5 Kf5 46. gxh6 gxh6 47. Rg6 Rxa2 48. Kxd3 Kxf4 49. Rxh6 Kg5 50. Rc6 a5 51. Rc5+ Kh6 52. Rxb5 axb4 53. Rxb4 Ra3+ 54. Ke4 1/2-1/2

[Event "Bangabandhu Premier Div League 2023-24"]
[Site "Dhaka"]
[Date "2024.02.10"]
[Round "10.4"]
[White "Sohan, Sobhan"]
[Black "Anata, Choudhury"]
[Result "0-1"]
[ECO "B20"]
[WhiteElo "1544"]
[BlackElo "2196"]
[Annotator "TA"]
[PlyCount "98"]
[EventDate "2024.02.01"]
[EventCountry "BAN"]
[SourceTitle "playchess.com"]
[Source "ChessBase"]
[SourceQuality "1"]
[TimeControl "40/5400+30:1800+30"]

1. e4 c5 2. Bc4 Nc6 3. c3 Nf6 4. d3 d5 5. exd5 Nxd5 6. h3 Nb6 {[%emt 0:00:00] next ...Nxc4 is good for Black.} 7. Na3 (7. Bb5 $1 $11) 7... Nxc4 $17 8. Nxc4 {[%emt 0:00:00] Black is clearly better.} Bf5 9. Nf3 Qxd3 ({Much less strong is} 9... Bxd3 10. Nce5 c4 11. Be3 $15) 10. Qxd3 Bxd3 11. Nce5 Nxe5 12. Nxe5 Ba6 13. Be3 f6 14. Nf3 e5 15. Nd2 O-O-O 16. O-O-O Be2 17. Rde1 Bd3 18. f3 Be7 19. g4 Rd7 {[%emt 0:00:00] Black is more active.} 20. Ne4 b6 21. Rd1 Be2 {[%emt 0:00:00][%csl LRd1,LRf3][%cal Oe2f3] A strong pair of Bishops.} 22. Rxd7 Kxd7 23. Nd2 h5 {[%emt 0:00:00] [#] ...hxg4 would now be deadly.} 24. Re1 Ba6 25. c4 Bb7 26. Rg1 $2 (26. Kd1) 26... hxg4 $19 27. hxg4 Rh3 28. Rf1 {[%emt 0:00:00] [#]} e4 $1 29. Nxe4 (29. Bf4 $142 g5 (29... exf3 $2 30. Rd1 $19) 30. Bb8) (29. b3 exf3) 29... Bxe4 30. fxe4 Rxe3 {[%emt 0:00:00][%mdl 4096] Endgame. KRB-KR} 31. Kd2 Rxe4 32. Rg1 Rxc4 33. Kd3 Rd4+ 34. Ke3 Bd6 35. Rg2 Ke6 36. b3 g5 {[%emt 0:00:00] ( -> ...Bf4+)} 37. Re2 Be5 38. Rg2 Bf4+ {[%emt 0:00:00] Black mates.} 39. Kf3 Rd3+ 40. Ke2 Rd2+ 41. Kf3 Rxg2 42. Kxg2 f5 43. gxf5+ Kxf5 {[%emt 0:50:30] KB-KPP} 44. a3 b5 45. Kf3 g4+ 46. Ke2 c4 47. bxc4 bxc4 48. a4 Ke4 49. a5 c3 {[%emt 0:00:00] White got outplayed after the opening.   Weighted Error Value: White=1.06/Black=0.02 (flawless) .  Mistake:       	White=3     	---        OK:         	White=5     	Black=8      Best:        	White=1     	Black=4} 0-1

[Event "Bangabandhu Premier Div League 2023-24"]
[Site "Dhaka"]
[Date "2024.02.10"]
[Round "10.5"]
[White "Sanket Chakravarty"]
[Black "Abu Sufian, Shakil"]
[Result "1-0"]
[ECO "D45"]
[WhiteElo "2361"]
[BlackElo "2199"]
[Annotator "TA"]
[PlyCount "73"]
[EventDate "2024.02.01"]
[EventCountry "BAN"]
[SourceTitle "playchess.com"]
[Source "ChessBase"]
[SourceQuality "1"]
[TimeControl "40/5400+30:1800+30"]

1. Nf3 d5 2. c4 c6 3. e3 Nf6 4. Nc3 e6 5. b3 Nbd7 6. Bb2 Bd6 7. d4 O-O 8. Be2 Qe7 9. O-O b6 10. Qc2 Bb7 11. Rad1 Rad8 12. Rfe1 Rfe8 13. Bf1 e5 14. dxe5 Nxe5 15. Nd4 {[%emt 0:00:00] The position is equal.} g6 {[%emt 0:01:00] Against Nf5} 16. cxd5 cxd5 17. Bb5 Rf8 18. Qe2 Rc8 19. Ba6 Bb4 (19... Bxa6 $11 20. Qxa6 Rxc3 21. Bxc3 Ne4) 20. Bxb7 $14 Qxb7 21. Rc1 Rfe8 22. Red1 a6 23. Nf3 Nxf3+ 24. Qxf3 Bxc3 25. Rxc3 Ne4 26. Rxc8 Rxc8 27. h4 h5 (27... Rc2 $2 28. Qxe4 Rxb2 29. Qe8+ (29. Rxd5 Rb1+ 30. Qxb1 Qxd5 $16) (29. Qxd5 Qxd5 30. Rxd5 Rxa2 $11) 29... Kg7 30. Qe5+ Kh6 31. Qxb2 $18) (27... b5 $14) 28. Qf4 $1 $40 {[%emt 0:00:30][%mdl 128] Hoping for Qe5. White attacks with force.} Rc2 $2 {[%emt 0:00:00][%mdl 8192] [#] This costs Black the game.} (28... Nc3 $16 29. Rd2 b5) 29. Qxe4 $3 $18 {[%emt 0:00:00][%mdl 512] Threatening mate with Qe8+.} Rxb2 {[%emt 0:00:00][%mdl 4096] Endgame. [#] KQR-KQR} 30. Qe8+ ({Weaker is} 30. Rxd5 Qc7 $14 (30... Qc8 $2 31. Qd4 $18)) 30... Kh7 {[%emt 0:00:00] [#]} 31. Rc1 {[%emt 0:00:00] Prevents Qc7. Rc8 would now be deadly.} d4 32. Rc8 ({Not} 32. exd4 Qd5 $16) 32... Qxc8 33. Qxc8 d3 34. Qd7 ({And not} 34. Qxa6 Rb1+ 35. Kh2 d2 $11) 34... d2 35. Kh2 Rxa2 36. Qxf7+ Kh6 37. Qg8 {[%emt 0:00:00] Weighted Error Value: White=0.25 (precise) /Black=0.91.  Loses game:     	---       	Black=1      Mistake:       	---       	Black=2      Inaccurate:     	White=1     	Black=4      OK:         	White=8     	Black=4      Best:        	White=1     	Black=1      Strong:       	White=1     	---} 1-0

[Event "Bangabandhu Premier Div League 2023-24"]
[Site "Dhaka"]
[Date "2024.02.10"]
[Round "10.5"]
[White "Islam, M.M. Zahirul"]
[Black "Majumder, Ahmed Hossain"]
[Result "1/2-1/2"]
[ECO "A57"]
[WhiteElo "1876"]
[BlackElo "1934"]
[Annotator "NA RC"]
[PlyCount "68"]
[EventDate "2024.02.01"]
[EventCountry "BAN"]
[SourceTitle "playchess.com"]
[Source "ChessBase"]
[SourceQuality "1"]
[TimeControl "40/5400+30:1800+30"]

1. d4 Nf6 2. c4 c5 3. d5 b5 4. cxb5 a6 5. b6 d6 6. Nc3 Nbd7 7. e4 g6 8. a4 Qxb6 9. Nf3 Bg7 10. Bd3 O-O 11. h3 Ne8 12. O-O Ne5 13. Nxe5 Bxe5 14. Kh1 Bg7 15. Qe2 Nf6 16. f4 e6 17. Bc4 exd5 18. Nxd5 Nxd5 19. Bxd5 Bb7 20. Qc4 Bxd5 21. Qxd5 Rab8 22. Rf3 Bd4 23. Rb1 Qb4 24. Be3 Qxa4 25. Qxd6 Qc2 26. Rbf1 Qxe4 27. Bxd4 Qxd4 28. Qxa6 Rxb2 29. f5 Qd2 30. R3f2 Qd4 31. Rf4 Qd2 32. Qc6 Rb1 33. fxg6 Rxf1+ 34. Rxf1 hxg6 1/2-1/2

[Event "Bangabandhu Premier Div League 2023-24"]
[Site "Dhaka"]
[Date "2024.02.10"]
[Round "10.6"]
[White "Rathanvel, V S"]
[Black "Rahman, Syed Mahfuzur"]
[Result "1-0"]
[ECO "B51"]
[WhiteElo "2474"]
[BlackElo "2087"]
[Annotator "TA"]
[PlyCount "71"]
[EventDate "2024.02.01"]
[EventCountry "BAN"]
[SourceTitle "playchess.com"]
[Source "ChessBase"]
[SourceQuality "1"]
[TimeControl "40/5400+30:1800+30"]

1. e4 c5 2. Nf3 d6 3. Bb5+ Nc6 4. O-O Bd7 5. Re1 a6 6. Bf1 Bg4 7. h3 Bxf3 8. Qxf3 g6 9. c3 Bg7 10. d3 Nf6 11. Be3 e5 12. Nd2 O-O 13. a4 b6 {[%emt 0:06:05] White is slightly better.} 14. g3 Re8 15. Bg2 Qc7 16. Bg5 Re6 17. Nf1 h6 18. Bd2 Rd8 19. Ne3 Ree8 20. Qd1 Ne7 21. Qb3 Rb8 22. Rf1 Nh5 (22... Nc6 $14) 23. Ng4 $16 {[%emt 0:05:35] White is more active.} g5 24. Qd1 {[%emt 0:00:51][%cal Og4h6] Nxh6+! is the strong threat.} Nf6 25. Ne3 (25. h4 $18) 25... Ng6 ({Black should play} 25... Rbd8) 26. Nf5 Rbd8 (26... Kh7 $16 27. Kh1 Red8) 27. Qf3 Re6 (27... d5 {was worth a try.}) 28. h4 $18 gxh4 29. gxh4 $2 {[%emt 0:00:01] [#]} (29. Nxh6+ Bxh6 30. Bxh6 d5) ({Better is} 29. Bh3 $18) 29... Kh7 $2 {[%emt 0:00:15] Black cannot hold the game after this.} (29... d5 $14) 30. Bh3 Ree8 $2 (30... Ne8 31. Kh1 d5) 31. h5 {[%emt 0:02:16] White is clearly winning.} Nf4 32. Bxf4 exf4 33. Qxf4 Rg8 (33... Re5 $142 34. Kh1 Rxf5 35. Bxf5+ (35. Qxf5+ Kh8 $18) 35... Kh8) 34. Kh1 {[%emt 0:00:25] [#] aiming for Rg1.} Nxh5 35. Qh4 Nf6 36. Nxg7 {[%emt 0:00:54] Weighted Error Value: White=0.17 (very precise) /Black=0.52.  Loses game:     	---       	Black=1      Missed win:     	White=1     	---        Mistake:       	White=1     	Black=6      Inaccurate:     	White=1     	Black=1      OK:         	White=10    	Black=4      Best:        	White=4     	Black=1} 1-0

[Event "Bangabandhu Premier Div League 2023-24"]
[Site "Dhaka"]
[Date "2024.02.10"]
[Round "10.6"]
[White "Pranav Vijay"]
[Black "Rabby, Salim"]
[Result "1-0"]
[ECO "C68"]
[WhiteElo "2252"]
[BlackElo "1931"]
[Annotator "TA"]
[PlyCount "89"]
[EventDate "2024.02.01"]
[EventCountry "BAN"]
[SourceTitle "playchess.com"]
[Source "ChessBase"]
[SourceQuality "1"]
[TimeControl "40/5400+30:1800+30"]

1. e4 Nc6 2. Nf3 e5 3. Bb5 Bc5 4. O-O a6 5. Bxc6 dxc6 6. Nxe5 Nf6 7. d3 h6 8. Nc3 O-O 9. h3 Qe7 {[%emt 0:00:00] White is clearly better.} 10. Nf3 b5 11. e5 ({Better is} 11. Ne2 $18) 11... Nd5 12. Ne4 Bb6 13. c4 bxc4 14. dxc4 Nb4 (14... f5 $16 {keeps fighting.} 15. Neg5 (15. cxd5 fxe4 16. d6 cxd6 $11) 15... Ne3) 15. a3 Rd8 16. Qe2 $36 {[%emt 1:31:28][%mdl 2048] Black is under strong pressure.} Nd3 17. Rd1 Nxc1 18. Rxd8+ (18. Raxc1 Rxd1+ 19. Rxd1 Bf5 $16) (18. Rdxc1 c5 $16) 18... Qxd8 19. Rxc1 Bf5 (19... c5 {was worth a try.} 20. Nc3 Be6) 20. c5 $18 Ba7 {[%emt 0:00:00] Black is weak on the dark squares} 21. b4 a5 22. Rd1 (22. bxa5 $6 Be6 23. Qe3 Rb8 $18) 22... Qe8 23. Ng3 ({Weaker is} 23. bxa5 Bxe4 24. Qxe4 Bxc5 $16) 23... Be6 24. Nd4 ({Stronger than} 24. bxa5 Bxc5 25. Qe1 Bf8 $11) 24... Bd5 25. Nh5 {[%emt 0:04:30] A dynamic duo of knights.} (25. bxa5 Bxc5 26. Nh5 Kh8 $16) 25... axb4 26. axb4 Rb8 27. Qg4 Qxe5 {[%emt 0:00:00][%cal Og7g6] [#]} 28. f4 $1 ({Not} 28. Nf5 g6 $11) 28... Qe3+ 29. Kh2 g6 {[%emt 0:00:00] [#]} 30. Nf6+ $1 Kh8 31. Nxd5 cxd5 32. Nc6 Ra8 33. Qf3 Bxc5 34. bxc5 Qxc5 35. Ne5 c6 36. Nxf7+ Kg7 37. Ne5 Ra3 38. Qg4 Qd6 39. Nc4 h5 40. Qg5 {[%emt 0:00:00] White mates.} Qc5 41. Nxa3 Qxa3 42. Qe5+ Kf7 43. Rb1 Qe7 44. Qh8 h4 45. Rb7 {[%emt 0:00:00] Weighted Error Value: White=0.08 (flawless) /Black=0.40.  Mistake:       	White=1     	Black=2      Inaccurate:     	---       	Black=3      OK:         	White=18    	Black=9      Best:        	---       	Black=2      Strong:       	White=2     	---} 1-0

[Event "Bangabandhu Premier Div League 2023-24"]
[Site "Dhaka"]
[Date "2024.02.10"]
[Round "10.7"]
[White "Arpan Das"]
[Black "Narayanan, Srinath"]
[Result "1/2-1/2"]
[ECO "B11"]
[WhiteElo "2367"]
[BlackElo "2552"]
[Annotator "TA"]
[PlyCount "30"]
[EventDate "2024.02.01"]
[EventCountry "BAN"]
[SourceTitle "playchess.com"]
[Source "ChessBase"]
[SourceQuality "1"]
[TimeControl "40/5400+30:1800+30"]

1. e4 c6 2. Nc3 d5 3. Nf3 dxe4 4. Nxe4 Nf6 5. Qe2 Nxe4 6. Qxe4 Nd7 7. d4 Nf6 8. Qf4 g6 {[%emt 0:00:30] White has an edge.} 9. Bd3 Bg7 10. O-O O-O 11. Re1 Qd6 12. h3 Nd5 13. Qd2 (13. Qh4 $16) 13... Nf6 ({Black should play} 13... c5 $11) 14. Qf4 Nd5 15. Qd2 Nf6 {[%emt 0:02:00] Weighted Error Value: White=0.30/Black=0.16 (very precise) .  Mistake:       	White=1     	Black=1      Inaccurate:     	---       	Black=1      OK:         	---       	Black=6} 1/2-1/2

[Event "Bangabandhu Premier Div League 2023-24"]
[Site "Dhaka"]
[Date "2024.02.10"]
[Round "10.7"]
[White "Mihir Lal, Das"]
[Black "Mohammed Abdul, Malek"]
[Result "0-1"]
[ECO "D02"]
[WhiteElo "1936"]
[BlackElo "2047"]
[Annotator "NA RC"]
[PlyCount "84"]
[EventDate "2024.02.01"]
[EventCountry "BAN"]
[SourceTitle "playchess.com"]
[Source "ChessBase"]
[SourceQuality "1"]
[TimeControl "40/5400+30:1800+30"]

1. Nf3 d5 2. g3 c5 3. Bg2 Nf6 4. O-O Nc6 5. d4 h6 6. a3 c4 7. b3 cxb3 8. cxb3 Bf5 9. Nc3 e6 10. b4 Rc8 11. Bb2 Bd6 12. Rc1 O-O 13. Na4 Qe7 14. Ne5 Bxe5 15. dxe5 Nd7 16. f4 b5 17. Nc3 Nb6 18. Nxb5 Nc4 19. Bd4 Qb7 20. Nd6 Nxd6 21. exd6 Nxd4 22. Qxd4 Qa6 23. Rxc8 Rxc8 24. d7 Rd8 25. e4 dxe4 26. Rd1 Qa4 27. Rd2 Qxa3 28. Kf2 Rxd7 29. Qxd7 e3+ 30. Ke1 Qxb4 31. Ke2 exd2 32. Qd8+ Kh7 33. Qxd2 Qc4+ 34. Ke1 Qc5 35. Bf1 a5 36. h3 a4 37. g4 Be4 38. g5 a3 39. gxh6 gxh6 40. Bd3 Qg1+ 41. Bf1 Qg3+ 42. Kd1 Qb3+ 0-1